 Dungeon Crawl Stone Soup version 0.18-a0-1721-gc4d1f22 (webtiles) character file.

6197 izbit the Spear-Bearer (level 10, 0/79 HPs)
             Began as a Merfolk Gladiator on Apr 9, 2016.
             Was a Priest of Qazlal.
             Slain by a spiny frog (9 damage)
             ... on level 1 of the Lair of Beasts.
             The game lasted 01:58:53 (9865 turns).

izbit the Spear-Bearer (Merfolk Gladiator)          Turns: 9865, Time: 01:58:54

Health: 0/79       AC: 10    Str: 21    XL:     10   Next: 91%
Magic:  0/13       EV: 18    Int: 11    God:    Qazlal [***...]
Gold:   610        SH:  4    Dex: 16    Spells: 2 memorised, 9 levels left

rFire  . . .     SeeInvis .     x - +2 spear (venom)
rCold  . . .     Gourm    .     g - +0 leather armour {MR+}
rNeg   . . .     Faith    .     (no shield)
rPois  .         Spirit   +     j - +1 helmet
rElec  .         Dismiss  .     m - +1 cloak
rCorr  .         Reflect  .     G - +0 pair of gloves
SustAt .         Harm     .     (no boots)
MR     .....                    o - amulet of guardian spirit
Stlth  +.........               (no ring)
                                (no ring)

@: mighty, vulnerable, not resistant to hostile enchantments, very unstealthy
A: change form in water, swift swim, slimy green scales 1, agile 1, blurry
vision 1, low mp 1, evolution 1
a: Upheaval, Elemental Force, Renounce Religion


You were on level 1 of the Lair of Beasts.
You worshipped Qazlal.
Qazlal was most pleased with you.
You were near starving.

You visited 3 branches of the dungeon, and saw 11 of its levels.

You collected 610 gold pieces.

Inventory:

Hand Weapons
 e - a +4 flail of protection
 n - a +0 shortbow of freezing
 x - a +2 spear of venom (weapon)
 C - a +0 blowgun
 D - a +3 quarterstaff of chaos
 Z - the +8 flail "Teluem" {antimagic, rPois MP+9}
   (You found it on level 8 of the Dungeon)

   It disrupts the flow of magical energy around spellcasters and certain
   magical creatures (including the wielder).
   It protects you from poison.
   It affects your magic capacity (+9).
Missiles
 b - 8 tomahawks (quivered)
 s - 26 arrows of frost
 v - 71 sling bullets
 B - 5 poisoned needles
 T - 5 javelins
 U - 13 poisoned arrows
 W - 3 exploding tomahawks
Armour
 g - a +0 leather armour of magic resistance (worn)
 j - a +1 helmet (worn)
 m - a +1 cloak (worn)
 G - a +0 pair of gloves (worn)
 Y - a +0 buckler
Jewellery
 o - an amulet of guardian spirit (around neck)
 M - an uncursed amulet of dismissal {unknown}
Wands
 c - a wand of disintegration (4/24)
 d - a wand of enslavement (14/24)
 A - a wand of flame (15/48)
 N - a wand of digging (15/24)
 P - a wand of lightning (2/15)
 S - a wand of digging (18/24)
Scrolls
 i - 4 scrolls of remove curse
 l - 2 scrolls of enchant armour
 p - 2 scrolls of recharging
 q - 2 scrolls of fear
 r - 2 scrolls of enchant weapon
 t - 2 scrolls of torment
 L - a scroll of fog
Potions
 F - a potion of haste {unknown}
 I - a potion of might
 R - 2 potions of flight
Books
 y - a book of Alchemy

   Spells                             Type                      Level
   a - Sublimation of Blood           Necromancy                   2
   b - Ignite Poison                  Fire/Transmutation/Poison    3
   c - Petrify                        Transmutation/Earth          4
   d - Alistair's Intoxication        Transmutation/Poison         5
   e - Irradiate                      Conjuration/Transmutation    5
 E - a book of Cantrips

   Spells                             Type                      Level
   a - Corona                         Hexes                        1
   b - Animate Skeleton               Necromancy                   1
   c - Summon Small Mammal            Summoning                    1
   d - Apportation                    Translocation                1
 K - a book of Callings

   Spells                             Type                      Level
   a - Summon Small Mammal            Summoning                    1
   b - Call Imp                       Summoning                    2
   c - Call Canine Familiar           Summoning                    3
   d - Summon Guardian Golem          Hexes/Summoning              3
   e - Summon Lightning Spire         Summoning/Air                4
   f - Summon Ice Beast               Ice/Summoning                4
Miscellaneous
 z - a fan of gales (inert)
 X - a sack of spiders {used: 1}
Comestibles
 a - 2 beef jerkies
 f - 8 bread rations
 k - 8 fruits
 u - 4 meat rations
 w - 2 royal jellies
 V - 9 slices of pizza


   Skills:
 + Level 7.6 Fighting
 - Level 14.0 Polearms
 - Level 2.0 Throwing
 + Level 9.5 Dodging
 + Level 3.1 Spellcasting
 + Level 3.3 Summonings
 + Level 3.6 Ice Magic
 + Level 4.4 Invocations
 + Level 4.0 Evocations


You had 9 spell levels left.
You knew the following spells:

 Your Spells              Type           Power        Failure   Level  Hunger
a - Call Imp              Summ           #.......     12%         2    ###....
b - Summon Ice Beast      Ice/Summ       #.......     78%         4    #####..


Dungeon Overview and Level Annotations

Branches:
Dungeon (9/15)             Temple (1/1) D:5            Lair (1/8) D:9
    Orc (0/2) D:9

Altars:
Ashenzari
Cheibriados
Dithmenos
Elyvilon
Fedhas
Gozag
Kikubaaqudgha
Makhleb
Nemelex Xobeh
Okawaru
Pakellas
Qazlal
Ru
Sif Muna
Trog
Vehumet
Xom
Yredelemnul
Zin
The Shining One
Lugonu

Shops:
D:5 *

Portals:
Abyss: D:1

Annotations:
D:9 4 runed doors
Lair:1 Fannar


Innate Abilities, Weirdness & Mutations

You revert to your normal form in water.
You are very nimble and swift while swimming.
You are partially covered in slimy green scales (AC +2).
You are agile. (Dex +2)
Scrolls take you a little longer to read.
Your magical capacity is low (-10% MP).
You evolve.


Message History

A black mamba comes into view.
Drink which item? (? for menu, Esc to quit)
You feel very mighty all of a sudden. The black mamba closely misses you.
Your soldier ant stings the black mamba!
The black mamba closely misses you.
Drink which item? (? for menu, Esc to quit)
You feel better. The black mamba closely misses you.
Your soldier ant closely misses the black mamba.
The giant frog closely misses you. You block the black mamba's attack.
You hit the black mamba but do no damage.
The black mamba is heavily wounded.
The black mamba bites you!
* * * LOW HITPOINT WARNING * * *
Your soldier ant misses the black mamba.
A porcupine comes into view.
Read which item? (? for menu, Esc to quit)
Really read with blurry vision while enemies are nearby?
The giant frog misses you. The spiny frog stings you!
You die...

r. ... ... #.##
#..# #S.# ##F###
### #@F..# ####.##
##St##
#.....######.a#
##.......#..#.#
#..........#.#
##.............P.
#................
#.................
##..$............#


You could see 2 black mambas, a spiny frog, a crocodile, a giant frog, a
porcupine and a friendly soldier ant.

Vanquished Creatures
  A tengu warrior (D:9)
  Pikel (D:4)
  A komodo dragon (D:9)
  Grinder (D:5)
  Prince Ribbit (D:5)
  A wyvern (D:9)
  Sigmund (D:5)
  A human (D:7)
  A hippogriff (D:7)
  Edmund (D:5)
  Duvessa (D:6)
  A swamp drake (D:9)
  2 sky beasts
  6 ogres
  2 orc warriors (D:9)
  3 phantoms
  4 centaurs
  Blork the orc (D:5)
  2 giant frogs
  A gnoll sergeant (D:4)
  Dowan (D:6)
  A wyvern skeleton (D:5)
  4 scorpions
  A quasit (D:7)
  A jelly (D:6)
  9 orc priests
  Crazy Yiuf (D:3)
  4 hounds
  3 orc wizards
  2 centaur skeletons
  2 iguanas
  6 worker ants
  4 sheep (D:7)
  A hound skeleton (D:5)
  A worker ant zombie (D:8)
  10 gnolls
  9 adders
  A shadow imp (D:6)
  2 adder skeletons
  2 dart slugs
  7 giant geckos
  28 orcs
  A ball python (D:3)
  8 bats
  3 giant cockroaches
  15 hobgoblins
  15 jackals
  10 kobolds
  3 quokkas
  A giant gecko skeleton (D:6)
  9 giant newts
  6 goblins
  A quokka skeleton (D:4)
  13 rats
218 creatures vanquished.

Vanquished Creatures (collateral kills)
  A hill giant (D:9)
  An ogre (D:5)
  A worker ant (D:9)
3 creatures vanquished.

Vanquished Creatures (others)
  A plant (D:9)
1 creature vanquished.

Grand Total: 222 creatures vanquished

Notes
Turn   | Place    | Note
--------------------------------------------------------------
     0 | D:1      | izbit the Merfolk Gladiator began the quest for the Orb.
     0 | D:1      | Reached XP level 1. HP: 16/16 MP: 1/1
    93 | D:1      | Found a corrupted altar of Lugonu.
    93 | D:1      | Found a one-way gate to the infinite horrors of the Abyss.
    93 | D:1      | Noticed a quasit
    93 | D:1      | Noticed a quasit
    93 | D:1      | Noticed an iron imp
    93 | D:1      | Noticed an iron imp
    93 | D:1      | Noticed a quasit
    93 | D:1      | Noticed an iron imp
    94 | D:1      | Noticed a demonic crawler
    94 | D:1      | Noticed an iron imp
    94 | D:1      | Noticed a demonic crawler
    96 | D:1      | Noticed an iron imp
   124 | D:1      | Noticed an iron imp
   149 | D:1      | Reached skill level 5 in Polearms
   149 | D:1      | Reached XP level 2. HP: 21/22 MP: 2/2
   531 | D:1      | Reached XP level 3. HP: 27/27 MP: 3/3
   646 | D:1      | Reached skill level 6 in Polearms
  1317 | D:2      | Reached XP level 4. HP: 33/33 MP: 4/4
  1374 | D:2      | Reached skill level 7 in Polearms
  1951 | D:2      | Reached XP level 5. HP: 38/38 MP: 5/5
  2183 | D:3      | Reached skill level 8 in Polearms
  2245 | D:3      | Found a stormy altar of Qazlal.
  2252 | D:3      | Became a worshipper of Qazlal Stormbringer
  2783 | D:3      | Noticed Crazy Yiuf
  2804 | D:3      | Killed Crazy Yiuf
  2804 | D:3      | Reached skill level 9 in Polearms
  2951 | D:4      | Reached XP level 6. HP: 37/45 MP: 4/6
  3075 | D:4      | Noticed a phantom
  3338 | D:4      | Noticed Pikel
  3338 | D:4      | Noticed a slave
  3338 | D:4      | Noticed a slave
  3339 | D:4      | Noticed a slave
  3352 | D:5      | Entered Level 5 of the Dungeon
  3358 | D:5      | Reached * piety under Qazlal
  3380 | D:5      | Found Lumuywec's Assorted Antiques.
  3406 | D:5      | Found an opulent altar of Gozag.
  3432 | D:5      | Noticed Sigmund
  3479 | D:5      | Gained mutation: Your system is resistant to poisons. [potion of mutation]
  3479 | D:5      | Gained mutation: You occasionally shout uncontrollably at your foes. [potion of mutation]
  3479 | D:5      | Gained mutation: You have a pair of small horns on your head. [potion of mutation]
  3493 | D:5      | Reached skill level 5 in Dodging
  3510 | D:5      | Found a shadowy altar of Dithmenos.
  3522 | D:5      | Noticed Grinder
  3522 | D:5      | Paralysed by Grinder for 6 turns
  3552 | D:5      | Reached skill level 10 in Polearms
  3552 | D:5      | Reached XP level 7. HP: 32/52 MP: 3/7
  3585 | D:5      | Killed Grinder
  3626 | D:5      | Noticed Blork the orc
  3627 | D:5      | Noticed Edmund
  3635 | D:5      | Lost mutation: You have a pair of small horns on your head. [potion of cure mutation]
  3635 | D:5      | Lost mutation: Your system is resistant to poisons. [potion of cure mutation]
  3635 | D:5      | Lost mutation: You occasionally shout uncontrollably at your foes. [potion of cure mutation]
  3655 | D:5      | Killed Blork the orc
  3658 | D:5      | Killed Edmund
  3658 | D:5      | Reached skill level 11 in Polearms
  3658 | D:5      | Reached XP level 8. HP: 14/60 MP: 4/8
  3692 | D:5      | Found a staircase to the Ecumenical Temple.
  3716 | Temple   | Entered the Ecumenical Temple
  4240 | D:4      | Gained mutation: You are agile. (Dex +2) [potion of mutation]
  4240 | D:4      | Gained mutation: Scrolls take you a little longer to read. [potion of mutation]
  4240 | D:4      | Gained mutation: You evolve. [potion of mutation]
  4342 | D:4      | Killed Pikel
  4342 | D:4      | Reached skill level 5 in Fighting
  4342 | D:4      | Reached skill level 12 in Polearms
  4467 | D:4      | Reached XP level 9. HP: 59/68 MP: 9/9
  4850 | D:5      | Killed Sigmund
  4850 | D:5      | Reached skill level 13 in Polearms
  4974 | D:5      | Noticed Prince Ribbit
  4985 | D:5      | Killed Prince Ribbit
  4985 | D:5      | Reached skill level 1 in Evocations
  5023 | D:5      | Reached ** piety under Qazlal
  5333 | D:6      | Noticed Duvessa
  5351 | D:6      | Noticed Dowan
  5356 | D:6      | Killed Duvessa
  5356 | D:6      | Reached skill level 1 in Invocations
  5370 | D:6      | Killed Dowan
  5375 | D:6      | Learned a level 2 spell: Call Imp
  5380 | D:6      | Learned a level 4 spell: Summon Ice Beast
  5838 | D:6      | Found a shattered altar of Ashenzari.
  5839 | D:6      | Found a sparkling altar of Nemelex Xobeh.
  5844 | D:6      | Reached skill level 1 in Spellcasting
  6055 | D:7      | Reached skill level 1 in Summonings
  6055 | D:7      | Reached skill level 1 in Ice Magic
  6502 | D:7      | Reached XP level 10. HP: 77/77 MP: 12/12
  7361 | D:8      | Got an ichor-stained flail
  7830 | D:8      | Found a shimmering altar of Xom.
  7904 | D:8      | Found a burning altar of Makhleb.
  7929 | D:8      | Found a bloodstained altar of Trog.
  8154 | D:9      | Noticed a tengu warrior
  8168 | D:9      | Killed a tengu warrior
  8243 | D:9      | Found a runed door.
  8259 | D:9      | Found a runed door.
  8281 | D:9      | Found a runed door.
  8292 | D:9      | Found a runed door.
  8294 | D:9      | Found a basalt altar of Yredelemnul.
  8469 | D:9      | Found a staircase to the Lair.
  8921 | D:9      | Gained mutation: Your magical capacity is low (-10% MP). [evolution]
  8935 | D:9      | Identified the +8 flail "Teluem" {antimagic, rPois MP+9} (You found it on level 8 of the Dungeon)
  9044 | D:9      | Reached skill level 14 in Polearms
  9105 | D:9      | Reached *** piety under Qazlal
  9139 | D:9      | Found a staircase to the Orcish Mines.
  9360 | D:9      | Noticed a hill giant
  9370 | D:9      | Killed a hill giant
  9636 | D:9      | Gained mutation: You are partially covered in slimy green scales (AC +2). [mutagenic meat]
  9822 | Lair:1   | Entered Level 1 of the Lair of Beasts
  9830 | Lair:1   | Noticed a spiny frog
  9831 | Lair:1   | Noticed Fannar
  9833 | Lair:1   | Noticed a black mamba
  9862 | Lair:1   | Noticed a black mamba
  9865 | Lair:1   | Slain by a spiny frog

Vault maps used:
D:1:      erik_arrival_cave_to_civilisation, minmay_misc_feat_nine_boxes,
          minmay_misc_feat_four_crosses, minmay_misc_feat_five, corner_web_ring,
          serial_park_tiny_pond
D:3:      first_bread, nicolae_qazlal_eye_of_the_storm, uniq_crazy_yiuf_cottage
D:4:      lightli_minifort, uniq_pikel
D:5:      kennysheep_little_box, nicolae_overflow_crystal_walls,
          minmay_temple_entry_grid, gup_sewer_entry_bubbles, serial_shops, shop,
          uniq_edmund, uniq_grinder, uniq_sigmund, uniq_blork_the_orc,
          uniq_prince_ribbit1
D:6:      gammafunk_temple_overflow_pools, lemuel_flamethrower_2, uniq_duvessa
D:7:      grunt_livestock
D:8:      lemuel_coloured_pillars_altar, basic_altar, minmay_holes, trog_book
D:9:      overflow_temple_1_default, david_lair_shrubbed, erik_orc_1,
          st_stairs_4, minmay_statue_crystal_thing
Temple:   minmay_temple_curvy_14
Lair:1:   portal_ice_cave_entry_ice_beasts, lemuel_fruit_tree, uniq_fannar,
          uniq_nergalle

Skill      XL: |  1  2  3  4  5  6  7  8  9 10 |
---------------+-------------------------------+-----
Polearms       | 5 6 7 9 10 11 12 13 14 | 14.0
Dodging        | 5 6 7 8 9 |  9.5
Fighting       | 3 4 5 6 7 |  7.6
Evocations     | 2 4 |  4.0
Invocations    | 2 4 |  4.4
Spellcasting   | 1 3 |  3.1
Summonings     | 1 3 |  3.3
Ice Magic      | 1 3 |  3.6
Throwing       | |  2.0

Action                   |  1- 3 |  4- 6 |  7- 9 | 10-12 || total
-------------------------+-------+-------+-------+-------++-------
Melee: Trident           |    82 |   160 |    81 |       ||   323
       Whip              |       |     8 |     9 |       ||    17
       Quarterstaff      |       |       |     6 |       ||     6
       Flail             |       |       |    37 |       ||    37
       Spear             |       |       |   173 |   263 ||   436
 Fire: Blowgun           |       |     3 |    22 |    26 ||    51
       Shortbow          |       |       |       |     2 ||     2
Throw: Stone             |    46 |    63 |    36 |       ||   145
       Throwing net      |     1 |     8 |     1 |       ||    10
       Tomahawk          |       |       |     2 |    29 ||    31
       Javelin           |       |       |       |     5 ||     5
Invok: Upheaval          |       |       |     2 |     3 ||     5
Evoke: Wand              |       |       |    12 |    18 ||    30
       Fan of gales      |       |       |     1 |     1 ||     2
       Sack of spiders   |       |       |       |     1 ||     1
  Use: Scroll            |       |     7 |     2 |     8 ||    17
       Potion            |       |     5 |     7 |     4 ||    16
 Stab: Sleeping          |       |     4 |       |       ||     4
       Distracted        |       |     1 |       |       ||     1
       Held in net/web   |       |     1 |       |       ||     1
  Eat: Chunk             |     1 |     7 |    10 |    10 ||    28
